 Dungeon Crawl Stone Soup version 0.28-a0-1199-gef9e1dbd39 (webtiles) character file.

Game seed: 16042625415013851889

332 shoop the Chopper (level 6, -3/50 HPs)
             Began as a Palentonga Abyssal Knight on Dec 20, 2021.
             Was a Believer of Lugonu.
             Killed from afar by Sigmund (9 damage)
             ... with a puff of flame
             ... on level 3 of the Dungeon.
             The game lasted 00:08:09 (3803 turns).

shoop the Chopper (Palentonga Abyssal Knight)       Turns: 3803, Time: 00:08:10

Health: -3/50      AC:  6    Str: 18    XL:     6   Next: 26%
Magic:  7/7        EV:  9    Int: 10    God:    Lugonu [**....]
Gold:   101        SH:  0    Dex: 11    Spells: 5/5 levels left

rFire   . . .      SeeInvis +   b - +0 fustibalus
rCold   . . .      Faith    .   (no shield)
rNeg    . . .      Spirit   .   m - +0 leather armour
rPois   .          Reflect  .   g - +0 helmet
rElec   .          Harm     .   c - +0 cloak
rCorr   .          Rampage  .   (no gloves)
Will    .....                   (no barding)
Stlth   +.........              (no amulet)
HPRegen 0.16/turn               (no ring)
MPRegen 0.10/turn               (no ring)

@: no status effects
A: large, rugged brown scales 3, see invisible, deformed body, roll 1, armoured
tail
a: Rolling Charge, Renounce Religion, Depart the Abyss, Bend Space


You were on level 3 of the Dungeon.
You worshipped Lugonu.
Lugonu was pleased with you.
You visited 1 branch of the dungeon, and saw 3 of its levels.
You visited the Abyss 1 time.
You also visited: Sewer.

You collected 101 gold pieces.

Inventory:

Hand Weapons
 a - a +1 hand axe
 b - a +0 fustibalus (weapon)
Missiles
 n - 39 sling bullets (quivered ammo)
 o - 45 stones
Armour
 c - a +0 cloak (worn)
 g - a +0 helmet (worn)
 m - a +0 leather armour (worn)
Jewellery
 j - a ring of wizardry
Scrolls
 e - 4 scrolls of teleportation {unknown}
 i - 6 scrolls of identify {unknown}
 q - a scroll of noise {unknown}
Potions
 d - a potion of lignification {unknown}
 f - a potion of attraction {unknown}
 h - a potion of brilliance
 k - a potion of curing
 l - a potion of degeneration {unknown}
 p - 2 potions of invisibility
 r - 3 potions of haste {unknown}
 s - 3 potions of heal wounds {unknown}
 t - 3 potions of might {unknown}
 u - a potion of mutation {unknown}
 v - a potion of cancellation {unknown}


   Skills:
 - Level 3.0 Fighting
 * Level 5.6 Axes
 - Level 1.0 Slings
 - Level 2.0 Armour
 + Level 1.7 Dodging
 - Level 1.0 Stealth
 - Level 2.0 Invocations


You had 5 spell levels left.
You didn't know any spells.
Your spell library was empty.

Dungeon Overview and Level Annotations

Branches:
Dungeon (3/15)              Sewer (visited)

Altars:

Annotations:
D:3 Sigmund


Innate Abilities, Weirdness & Mutations

You are completely covered in rugged brown scales. (AC +3, +7% HP)
You have supernaturally acute eyesight. (SInv)
Armour fits poorly on your strangely shaped body.
You can roll at nearby foes to attack.
You have a long armoured tail.


Message History

You enter the shallow water.
Moving in this stuff is going to be slow.
You enter the shallow water.
Moving in this stuff is going to be slow.
You enter the shallow water.
Moving in this stuff is going to be slow.
Sigmund is nearby!
Sigmund shouts!
Sigmund casts a spell at you. The magic dart hits you.
You aren't carrying any items that you can evoke.
b - a +0 fustibalus (weapon)
Fire: 41 sling bullets
Press: ? - help, Q - select action, (/) - cycle Shift-Dir - straight line, f - Sigmund
Aim: Sigmund, wielding a +2 scythe of distortion and wearing a +0 robe (45% to hit)
You shoot a sling bullet. The sling bullet hits Sigmund!
Sigmund is moderately wounded.
Fire: 40 sling bullets
Press: ? - help, Q - select action, (/) - cycle Shift-Dir - straight line, f/p - Sigmund
Aim: Sigmund, wielding a +2 scythe of distortion and wearing a +0 robe (moderately wounded, 45% to hit)
You shoot a sling bullet. The sling bullet barely misses Sigmund.
Sigmund hits you from afar with a +2 scythe of distortion!
Space warps horribly around you!!
* * * LOW HITPOINT WARNING * * *
Unknown command.
Space bends around you!
You blink.
Sigmund's eyes start glowing with a red light.
Things that are here:
a stone; a hobgoblin skeleton You see here a stone.
Sigmund casts a spell.
Sigmund flickers and vanishes for a moment.
Sigmund points at you and mumbles some strange words.
You resist with some effort.
Sigmund points at you and mumbles some strange words.
The puff of flame hits you!
* * * LOW HITPOINT WARNING * * *
Sigmund points at you and mumbles some strange words.
The puff of flame hits you!
You die...

..# #.........≈######## #.......
....###......###.##.#.####.......
............## #.##.#......<.###.
..#.##[.###.####.##.#...###..#
.##?##..##...÷..........# #....
........###.####........# ##.###
.##.###.# ### ##.#.#...####.#
#...#.#########............#
#....@##......@...#..##.####
....###(##@#######.##..##.#### .#
#.##.# #..#).......# #(.@.#
##.#.###.#### #.#### #...# #.#
.... ##..# #.# #.#.# #..# #.#
#.#.# #.>....# . ... ######.#


You could see Sigmund (invisible).

Vanquished Creatures
  2 kobold brigands (Sewer)
  7 adders
  6 river rats (Sewer)
  A worm (D:2)
  A dart slug (D:1)
  3 endoplasms (D:1)
  3 giant cockroaches
  5 goblins
  4 hobgoblins
  3 quokkas
  6 ball pythons
  2 bats (D:2)
  6 frilled lizards
  17 kobolds
  22 rats
88 creatures vanquished.

Notes
Turn   | Place    | Note
-------+----------+-------------------------------------------
     0 | Abyss:1  | shoop the Palentonga Abyssal Knight began the quest for the
                  | Orb.
     0 | Abyss:1  | Reached XP level 1. HP: 19/19 MP: 2/2
    27 | Abyss:1  | Noticed a guardian serpent
   117 | Abyss:1  | Noticed a demonic crawler
   119 | D:1      | Escaped the Abyss
   232 | D:1      | Found a faded altar of an unknown god.
   472 | D:1      | Reached XP level 2. HP: 25/25 MP: 3/3
  1246 | D:2      | Reached skill level 3 in Axes
  1268 | D:2      | Reached skill level 1 in Stealth
  1268 | D:2      | Reached XP level 3. HP: 31/31 MP: 4/4
  1379 | D:2      | Reached * piety under Lugonu
  1408 | D:2      | Reached skill level 4 in Axes
  1408 | D:2      | Reached XP level 4. HP: 15/37 MP: 5/5
  2342 | D:3      | Found a glowing drain.
  2445 | D:3      | Noticed Sigmund
  2472 | Sewer    | Entered a sewer
  2554 | Sewer    | Noticed a kobold brigand
  2575 | Sewer    | Killed a kobold brigand
  2576 | Sewer    | Reached skill level 5 in Axes
  2576 | Sewer    | Reached skill level 1 in Slings
  2576 | Sewer    | Reached XP level 5. HP: 31/43 MP: 6/6
  2732 | Sewer    | Reached skill level 1 in Dodging
  3100 | Sewer    | Reached ** piety under Lugonu
  3594 | Sewer    | Reached XP level 6. HP: 28/50 MP: 7/7
  3803 | D:3      | Killed from afar by Sigmund

Illustrated notes

Levels and vault maps discovered:
D:1:      nicolae_arrival_somewhat_less_tricky_arrival, layout_loops_ring,
          shapermc_ecumenical_altar_starsandcircs, minmay_stone_trees_small,
          minmay_tromino_v4_a
D:2:      layout_rooms, solitary_fountain
D:3:      layout_basic, gup_sewer_entry_pipe, uniq_sigmund

Skill      XL: |  1  2  3  4  5 |
---------------+----------------+-----
Axes           | 3 4 5 |  5.6
Stealth        | 1 |  1.0
Slings         | 1 |  1.0
Dodging        | 1 |  1.7
Armour         | 2 |  2.0
Fighting       | |  3.0
Invocations    | |  2.0

Action                   |  1- 3 |  4- 6 || total
-------------------------+-------+-------++-------
Melee: Hand axe          |    73 |    98 ||   171
       Tailslap          |     3 |    11 ||    14
 Fire: Fustibalus        |       |    76 ||    76
Invok: Depart the Abyss  |     1 |       ||     1
       Bend Space        |       |     1 ||     1
 Abil: Rolling Charge    |       |     1 ||     1
  Use: Potion            |     1 |     2 ||     3
 Stab: Invisible         |       |     1 ||     1
Armor: Leather armour    |    36 |    39 ||    75
Dodge: Dodged            |    29 |    36 ||    65

Table legend: (Time is in decaauts)
 A = Elapsed time spent in this place.
 B = Non-inter-level travel time spent in this place.
 C = Inter-level travel time spent in this place.
 D = Time resting spent in this place.
 E = Time spent auto-exploring this place.
 F = Levels seen in this place.
 G = Mean time per level.
                   A        B        C        D        E       F      G
               +--------+--------+--------+--------+--------+-----+--------+
         Total |   3872 |   3745 |    127 |    293 |   2719 |   5 |  774.4 |
       Dungeon |   2428 |   2301 |    127 |     25 |   1882 |   3 |  809.3 |
         Abyss |    119 |    119 |      0 |      0 |     83 |   1 |  119.0 |
         Sewer |   1325 |   1325 |      0 |    268 |    753 |   1 | 1325.0 |
               +--------+--------+--------+--------+--------+-----+--------+

Top non-repeatable levels by time:
   Sewer: 1325 daAuts
     D:1: 1119 daAuts
     D:2: 1084 daAuts
     D:3: 224 daAuts
 Abyss:1: 119 daAuts
